RedWings vs Canucks

Created - December 3, 2016 at 10:43

Goals
1 2 3 T
RedWings 3 3 1 7
Canucks 4 0 0 4
Shots
1 2 3 T
RedWings 12 7 17 36
Canucks 18 16 8 42

1st period

1. Canucks , Mikkel Boedker 4 (Logan Couture, Jonas Brodin) at 2:57
2. Canucks , Reilly Smith 14 (Simon Despres) at 4:00
3. RedWings , Erik Haula 8 (David Pastrnak) at 8:47 (PP)
4. Canucks , Jonas Brodin 1 (Robby Fabbri) at 12:01
5. RedWings , Alexandre Burrows 2 (Mikhail Grabovski, Erik Haula) at 15:23
6. RedWings , Filip Forsberg 10 (Jonathan Drouin) at 18:38
7. Canucks , Reilly Smith 15 (Evgeny Kuznetsov, Alex Pietrangelo) at 18:55

Penalties :
Loui Eriksson (DET) for Hooking (Minor) at 4:55, Chris Kreider (VAN) for Holding (Minor) at 7:34

2nd period

8. RedWings , Jonathan Drouin 4 (Tyler Toffoli, Filip Forsberg) at 0:56
9. RedWings , Tyler Toffoli 14 (Filip Forsberg, Zach Trotman) at 11:40
10. RedWings , Andrew Cogliano 4 (Filip Forsberg, Vincent Lecavalier) at 14:59 (PP)

Penalties :
Thomas Hickey (DET) for Tripping (Minor) at 5:41, Simon Despres (VAN) for Slashing (Minor) at 8:58, Erik Karlsson (VAN) for Tripping (Minor) at 14:53, Zach Trotman (DET) for Tripping (Minor) at 18:06

3rd period

11. RedWings , Erik Haula 9 (Alexandre Burrows, Mikhail Grabovski) at 4:59

Penalties :
Adam Henrique (VAN) for Tripping (Minor) at 2:02, Erik Karlsson (VAN) for Close Hand On Puck (Minor) at 17:27, Thomas Hickey (DET) for Hooking (Minor) at 19:15

Goalie Stats

Mike Condon (DET), 38 saves from 42 shots - (0.905), W, 6-5-0, 60:00 minutes
Yann Danis (VAN), 13 saves from 19 shots - (0.684), L, 0-2-0, 34:59 minutes
Henrik Lundqvist (VAN), 16 saves from 17 shots - (0.941), 25:01 minutes

Players Stats for RedWings

Player Name              G  A  P  +/- PIM S  H  SB GA TA FO     MP     PP MP  PK MP  
------------------------------------------------------------------------------------
Alexandre Burrows        1  1  2   1  0   2  0  0  0  0  0/0    13:35   0:00   3:50 
Andrew Campbell          0  0  0  -1  0   2  0  0  0  0  0/0    20:47   3:46   3:26 
Andrew Cogliano          1  0  1   0  0   2  0  0  0  0  1/3    10:55   4:18   2:40 
David Pastrnak           0  1  1   0  0   2  0  0  0  0  0/1    19:03   2:47   0:00 
Erik Haula               2  1  3   1  0   3  1  2  0  0  5/13   16:03   2:47   3:31 
Filip Forsberg           1  3  4   0  0   5  3  0  0  0  1/3    23:36   4:18   2:40 
Jake Gardiner            0  0  0   0  0   3  2  0  0  0  0/0    16:14   0:00   2:09 
Jonathan Drouin          1  1  2   0  0   2  0  0  0  0  6/23   19:14   2:47   0:00 
Kevin Connauton          0  0  0  -1  0   0  0  2  0  0  0/0    14:28   0:00   0:14 
Loui Eriksson            0  0  0   0  2   4  0  1  0  0  0/0    16:15   0:00   0:00 
Micheal Ferland          0  0  0   0  0   2  1  0  0  0  0/0     3:46   0:00   0:00 
Mikhail Grabovski        0  2  2   1  0   0  0  0  0  0  7/17    9:45   0:00   0:00 
Paul Martin              0  0  0   2  0   0  1  5  0  0  0/0    25:37   3:19   3:22 
Sean Monahan             0  0  0   0  0   2  1  0  0  0  8/18   16:16   0:00   0:00 
Thomas Hickey            0  0  0   1  4   0  6  1  0  0  0/0    23:30   3:45   2:12 
Tyler Toffoli            1  1  2   0  0   4  0  0  0  0  1/1    16:27   0:00   0:00 
Vincent Lecavalier       0  1  1   0  0   2  0  0  0  0  10/19   8:23   4:18   0:19 
Zach Trotman             0  1  1   1  2   1  0  0  0  0  0/0    19:21   3:19   1:37 

Players Stats for Canucks

Player Name              G  A  P  +/- PIM S  H  SB GA TA FO     MP     PP MP  PK MP  
------------------------------------------------------------------------------------
Adam Henrique            0  0  0   0  2   4  0  1  0  0  0/0    19:17   2:23   2:31 
Alex Pietrangelo         0  1  1   0  0   1  4  2  0  0  0/0    22:59   2:50   3:23 
Alexander Burmistrov     0  0  0   0  0   1  0  0  0  0  0/0    14:45   0:00   3:57 
Brent Burns              0  0  0   1  0   1  1  0  0  0  0/1    22:42   3:40   1:48 
Chris Kreider            0  0  0   0  2   3  0  1  0  0  0/1    10:47   0:00   0:00 
Cody Ceci                0  0  0  -1  0   0  0  1  0  0  0/0    19:48   2:50   3:42 
Elias Lindholm           0  0  0   0  0   1  0  0  0  0  4/6     5:01   0:00   0:00 
Erik Karlsson            0  0  0  -1  4   3  1  0  0  0  0/0    20:07   3:40   0:00 
Evander Kane             0  0  0  -1  0   2  2  0  0  0  2/2    20:08   4:07   0:00 
Evgeny Kuznetsov         0  1  1  -1  0   6  0  0  0  0  31/44  24:05   4:07   3:57 
Jimmy Hayes              0  0  0   0  0   0  0  0  0  0  0/0     5:01   0:00   0:00 
Jonas Brodin             1  1  2   0  0   1  1  3  0  0  0/0    19:57   0:00   3:23 
Logan Couture            0  1  1   0  0   6  1  0  0  0  14/24  20:06   2:23   3:08 
Matt Beleskey            0  0  0   0  0   0  0  0  0  0  0/0     5:01   0:00   0:00 
Mikkel Boedker           1  0  1   0  0   4  0  1  0  0  0/1    16:47   2:23   0:00 
Reilly Smith             2  0  2  -1  0   7  1  0  0  0  1/3    20:08   4:07   0:00 
Robby Fabbri             0  1  1   0  0   2  0  1  0  0  7/16   10:48   0:00   0:00 
Simon Despres            0  1  1  -1  2   0  2  0  0  0  0/0    15:12   0:00   2:31 

3 Stars

1 - Erik Haula (DET)
2 - Filip Forsberg (DET)
3 - Reilly Smith (VAN)

Power Play

RedWings - 2 on 5 Attempt(s) - 40.00%
Canucks - 0 on 4 Attempt(s) - 0.00%

Penalty Kill

RedWings - 4 on 4 Attempt(s) - 100.00% - Score 0 goal in Penalty Kill
Canucks - 3 on 5 Attempt(s) - 60.00% - Score 0 goal in Penalty Kill

Team Stat

RedWings - Hits : 15 - Faceoff Wins : 39 - Blocked Shots : 11 - Penalty Minutes : 8
Canucks - Hits : 13 - Faceoff Wins : 59 - Blocked Shots : 10 - Penalty Minutes : 10

Official

Referees : Kelly Sutherland and Kevin Pollock
Linesman : Scott Cherrey and Greg Devorski

Game Notes

Henrik Lundqvist enters game at 14:59 of 2nd period

Finance

Level 1 -- Attendance: 6059 (93.22%) -- Ticket Income $545,310
Level 2 -- Attendance: 5000 (100.00%) -- Ticket Income $350,000
Level 3 -- Attendance: 3218 (91.94%) -- Ticket Income $151,246
Level 4 -- Attendance: 2897 (99.55%) -- Ticket Income $72,425
Luxury Box -- Attendance: 726 (72.60%) -- Ticket Income $181,500
Game was played at the Rogers Arena.
Total Attendance: 17900 (94.66%)
Total Ticket Income: $1,300,481
Other Income: $195,072
Total Income: $1,495,553

% Time on Ice - RedWings

Lines # - Real PCT - Wanted PCT - Time Play
Normal Forward
1 - 35% - 35% - 16:16
2 - 36% - 35% - 16:27
3 - 21% - 20% - 9:45
4 - 8% - 10% - 3:46
Normal Defense
1 - 38% - 40% - 17:34
2 - 31% - 30% - 14:14
3 - 29% - 20% - 13:15
4 - 3% - 10% - 1:11
PP Forward
1 - 61% - 60% - 4:18
2 - 39% - 40% - 2:47
PP Defense
1 - 47% - 60% - 3:19
2 - 53% - 40% - 3:46
PK Forward
1 - 59% - 60% - 3:50
2 - 41% - 40% - 2:40
PK Defense
1 - 69% - 60% - 4:30
2 - 31% - 40% - 2:00
PK3 Forward
1 - 0% - 60%
2 - 0% - 40%
PK3 Defense
1 - 0% - 60%
2 - 0% - 40%
44 Forward
1 - 100% - 60% - 0:11
2 - 0% - 40% - 0:00
44 Defense
1 - 0% - 60% - 0:00
2 - 100% - 40% - 0:11
Last Minute Offensive  - 0:00
Last Minute Defensive  - 0:00
Total
Forward - 60:00
Defense - 60:00

% Time on Ice - Canucks

Lines # - Real PCT - Wanted PCT - Time Play
Normal Forward
1 - 35% - 33% - 16:01
2 - 31% - 31% - 14:24
3 - 23% - 24% - 10:48
4 - 11% - 12% - 5:01
Normal Defense
1 - 36% - 34% - 16:29
2 - 35% - 33% - 16:23
3 - 27% - 28% - 12:42
4 - 1% - 5% - 0:40
PP Forward
1 - 63% - 57% - 4:07
2 - 37% - 43% - 2:23
PP Defense
1 - 56% - 53% - 3:40
2 - 44% - 47% - 2:50
PK Forward
1 - 56% - 55% - 3:57
2 - 44% - 45% - 3:08
PK Defense
1 - 48% - 50% - 3:23
2 - 52% - 50% - 3:42
PK3 Forward
1 - 0% - 52%
2 - 0% - 48%
PK3 Defense
1 - 0% - 51%
2 - 0% - 49%
44 Forward
1 - 100% - 55% - 0:11
2 - 0% - 45% - 0:00
44 Defense
1 - 100% - 52% - 0:11
2 - 0% - 48% - 0:00
Last Minute Offensive  - 0:00
Last Minute Defensive  - 0:00
Total
Forward - 60:00
Defense - 60:00

Play by Play

1st period


0:01 of 1st period - Sean Monahan wins face-off versus Evgeny Kuznetsov in neutral zone.
0:23 of 1st period - Sean Monahan is hit by Alex Pietrangelo and loses puck.
0:30 of 1st period - Loui Eriksson is hit by Reilly Smith.
1:08 of 1st period - Icing by Adam Henrique.
1:09 of 1st period - Filip Forsberg wins face-off versus Logan Couture in Canucks zone.
1:20 of 1st period - Shot by Filip Forsberg.
1:20 of 1st period - Stopped by Yann Danis without a rebound.
1:21 of 1st period - Robby Fabbri wins face-off versus Mikhail Grabovski in Canucks zone.
2:37 of 1st period - Shot by Mikkel Boedker.
2:37 of 1st period - Stopped by Mike Condon with a rebound.
2:57 of 1st period - Shot by Mikkel Boedker.
2:57 of 1st period - Goal by Mikkel Boedker - RedWings : 0 - Canucks : 1.
2:58 of 1st period - Elias Lindholm wins face-off versus Vincent Lecavalier in neutral zone.
3:07 of 1st period - Shot by Elias Lindholm.
3:07 of 1st period - Deflect By Matt Beleskey.
3:07 of 1st period - Shot Blocked by Paul Martin.
3:33 of 1st period - Icing by Vincent Lecavalier.
3:34 of 1st period - Evgeny Kuznetsov wins face-off versus Vincent Lecavalier in RedWings zone.
3:35 of 1st period - Shot by Reilly Smith.
3:35 of 1st period - Shot Misses the Net.
3:37 of 1st period - Shot by Reilly Smith.
3:37 of 1st period - Shot Misses the Net.
3:39 of 1st period - Shot by Simon Despres.
3:39 of 1st period - Shot Misses the Net.
3:41 of 1st period - Shot by Cody Ceci.
3:41 of 1st period - Shot Misses the Net.
3:50 of 1st period - Icing by Simon Despres.
3:51 of 1st period - Evgeny Kuznetsov wins face-off versus Jonathan Drouin in Canucks zone.
4:00 of 1st period - Shot by Reilly Smith.
4:00 of 1st period - Goal by Reilly Smith - RedWings : 0 - Canucks : 2.
4:01 of 1st period - Robby Fabbri wins face-off versus Jonathan Drouin in neutral zone.
4:07 of 1st period - Icing by Andrew Campbell.
4:08 of 1st period - Logan Couture wins face-off versus Jonathan Drouin in RedWings zone.
4:55 of 1st period - Minor Penalty to Loui Eriksson for Hooking.
4:56 of 1st period - Evgeny Kuznetsov wins face-off versus Erik Haula in RedWings zone.
5:01 of 1st period - Shot by Reilly Smith.
5:01 of 1st period - Shot Blocked by Thomas Hickey.
5:20 of 1st period - Shot by Reilly Smith.
5:20 of 1st period - Stopped by Mike Condon with a rebound.
5:22 of 1st period - Shot by Evander Kane.
5:22 of 1st period - Deflect By Evgeny Kuznetsov.
5:22 of 1st period - Stopped by Mike Condon with a rebound.
5:54 of 1st period - Icing by Evgeny Kuznetsov.
5:55 of 1st period - Evgeny Kuznetsov wins face-off versus Andrew Cogliano in Canucks zone.
6:45 of 1st period - Shot by Adam Henrique.
6:45 of 1st period - Stopped by Mike Condon with a rebound.
6:47 of 1st period - Shot by Mikkel Boedker.
6:47 of 1st period - Stopped by Mike Condon without a rebound.
6:48 of 1st period - Evgeny Kuznetsov wins face-off versus Erik Haula in RedWings zone.
7:15 of 1st period - Shot by Chris Kreider.
7:15 of 1st period - Stopped by Mike Condon with a rebound.
7:34 of 1st period - Minor Penalty to Chris Kreider for Holding.
7:35 of 1st period - Vincent Lecavalier wins face-off versus Evgeny Kuznetsov in Canucks zone.
8:43 of 1st period - Shot by David Pastrnak.
8:43 of 1st period - Stopped by Yann Danis without a rebound.
8:44 of 1st period - Erik Haula wins face-off versus Evgeny Kuznetsov in Canucks zone.
8:47 of 1st period - Shot by Erik Haula.
8:47 of 1st period - Goal by Erik Haula - RedWings : 1 - Canucks : 2.
8:48 of 1st period - Evgeny Kuznetsov wins face-off versus Mikhail Grabovski in neutral zone.
9:01 of 1st period - Shot by Erik Haula.
9:01 of 1st period - Stopped by Yann Danis with a rebound.
9:10 of 1st period - Icing by Erik Karlsson.
9:11 of 1st period - Evgeny Kuznetsov wins face-off versus Jonathan Drouin in Canucks zone.
9:23 of 1st period - Filip Forsberg is hit by Erik Karlsson and loses puck.
9:38 of 1st period - Shot by Tyler Toffoli.
9:38 of 1st period - Stopped by Yann Danis without a rebound.
9:39 of 1st period - Sean Monahan wins face-off versus Logan Couture in Canucks zone.
9:44 of 1st period - Shot by Loui Eriksson.
9:44 of 1st period - Shot Blocked by Jonas Brodin.
10:17 of 1st period - Shot by Logan Couture.
10:17 of 1st period - Stopped by Mike Condon without a rebound.
10:18 of 1st period - Jonathan Drouin wins face-off versus Robby Fabbri in RedWings zone.
10:34 of 1st period - Shot by Filip Forsberg.
10:34 of 1st period - Shot Blocked by Chris Kreider.
10:36 of 1st period - Shot by Jake Gardiner.
10:36 of 1st period - Stopped by Yann Danis without a rebound.
10:37 of 1st period - Evgeny Kuznetsov wins face-off versus Erik Haula in Canucks zone.
10:39 of 1st period - Icing by Reilly Smith.
10:40 of 1st period - Evgeny Kuznetsov wins face-off versus Jonathan Drouin in Canucks zone.
11:15 of 1st period - Shot by Filip Forsberg.
11:15 of 1st period - Stopped by Yann Danis with a rebound.
11:49 of 1st period - Shot by Loui Eriksson.
11:49 of 1st period - Stopped by Yann Danis without a rebound.
11:50 of 1st period - Mikhail Grabovski wins face-off versus Robby Fabbri in Canucks zone.
11:51 of 1st period - Shot by Erik Haula.
11:51 of 1st period - Shot Misses the Net.
11:59 of 1st period - Shot by Robby Fabbri.
11:59 of 1st period - Shot Blocked by Erik Haula.
12:01 of 1st period - Shot by Jonas Brodin.
12:01 of 1st period - Goal by Jonas Brodin - RedWings : 1 - Canucks : 3.
12:02 of 1st period - Logan Couture wins face-off versus Sean Monahan in neutral zone.
12:18 of 1st period - Off-side.
12:19 of 1st period - Elias Lindholm wins face-off versus Jonathan Drouin in neutral zone.
12:24 of 1st period - Shot by Jimmy Hayes.
12:24 of 1st period - Shot Blocked by Kevin Connauton.
12:50 of 1st period - Shot by Elias Lindholm.
12:50 of 1st period - Stopped by Mike Condon without a rebound.
12:51 of 1st period - Evgeny Kuznetsov wins face-off versus Sean Monahan in RedWings zone.
12:57 of 1st period - Off-side.
12:58 of 1st period - Sean Monahan wins face-off versus Robby Fabbri in neutral zone.
13:05 of 1st period - Shot by Sean Monahan.
13:05 of 1st period - Stopped by Yann Danis with a rebound.
13:27 of 1st period - Shot by Robby Fabbri.
13:27 of 1st period - Shot Misses the Net.
13:41 of 1st period - Shot by David Pastrnak.
13:41 of 1st period - Shot Misses the Net.
13:48 of 1st period - Erik Karlsson is hit by Thomas Hickey and loses puck.
13:58 of 1st period - Loui Eriksson is hit by Brent Burns and loses puck.
15:01 of 1st period - Shot by Logan Couture.
15:01 of 1st period - Stopped by Mike Condon with a rebound.
15:06 of 1st period - Erik Haula is hit by Simon Despres and loses puck.
15:13 of 1st period - Shot by Mikhail Grabovski.
15:13 of 1st period - Shot Misses the Net.
15:21 of 1st period - Shot by Erik Haula.
15:21 of 1st period - Deflect By Mikhail Grabovski.
15:21 of 1st period - Shot Blocked by Mikkel Boedker.
15:23 of 1st period - Shot by Alexandre Burrows.
15:23 of 1st period - Goal by Alexandre Burrows - RedWings : 2 - Canucks : 3.
15:24 of 1st period - Vincent Lecavalier wins face-off versus Elias Lindholm in neutral zone.
16:27 of 1st period - Shot by David Pastrnak.
16:27 of 1st period - Stopped by Yann Danis without a rebound.
16:28 of 1st period - Logan Couture wins face-off versus Jonathan Drouin in Canucks zone.
16:45 of 1st period - Shot by Logan Couture.
16:45 of 1st period - Stopped by Mike Condon without a rebound.
16:46 of 1st period - Evgeny Kuznetsov wins face-off versus Mikhail Grabovski in RedWings zone.
16:51 of 1st period - Shot by Evgeny Kuznetsov.
16:51 of 1st period - Stopped by Mike Condon without a rebound.
16:52 of 1st period - Sean Monahan wins face-off versus Mikkel Boedker in RedWings zone.
17:20 of 1st period - Shot by Adam Henrique.
17:20 of 1st period - Shot Misses the Net.
17:36 of 1st period - Shot by Brent Burns.
17:36 of 1st period - Shot Misses the Net.
18:08 of 1st period - Shot by Evander Kane.
18:08 of 1st period - Stopped by Mike Condon without a rebound.
18:09 of 1st period - Mikhail Grabovski wins face-off versus Robby Fabbri in RedWings zone.
18:30 of 1st period - Shot by Robby Fabbri.
18:30 of 1st period - Stopped by Mike Condon without a rebound.
18:31 of 1st period - Evgeny Kuznetsov wins face-off versus Jonathan Drouin in RedWings zone.
18:32 of 1st period - Shot by Reilly Smith.
18:32 of 1st period - Stopped by Mike Condon without a rebound.
18:33 of 1st period - Jonathan Drouin wins face-off versus Reilly Smith in RedWings zone.
18:38 of 1st period - Shot by Filip Forsberg.
18:38 of 1st period - Goal by Filip Forsberg - RedWings : 3 - Canucks : 3.
18:39 of 1st period - Evgeny Kuznetsov wins face-off versus Jonathan Drouin in neutral zone.
18:55 of 1st period - Shot by Reilly Smith.
18:55 of 1st period - Goal by Reilly Smith - RedWings : 3 - Canucks : 4.
18:56 of 1st period - Sean Monahan wins face-off versus Robby Fabbri in neutral zone.
19:20 of 1st period - Off-side.
19:21 of 1st period - Logan Couture wins face-off versus Jonathan Drouin in neutral zone.
19:55 of 1st period - Icing by Thomas Hickey.
19:56 of 1st period - Evgeny Kuznetsov wins face-off versus Jonathan Drouin in RedWings zone.
19:57 of 1st period - Shot by Reilly Smith.
19:57 of 1st period - Shot Blocked by Paul Martin.
Goals for this period are 3 for RedWings vs 4 for Canucks.
Shots for this period are 12 for RedWings vs 18 for Canucks.

2nd period


0:01 of 2nd period - Evander Kane wins face-off versus Mikhail Grabovski in neutral zone.
0:24 of 2nd period - Shot by Evander Kane.
0:24 of 2nd period - Stopped by Mike Condon without a rebound.
0:25 of 2nd period - Robby Fabbri wins face-off versus Jonathan Drouin in RedWings zone.
0:26 of 2nd period - Shot by Alexander Burmistrov.
0:26 of 2nd period - Shot Misses the Net.
0:56 of 2nd period - Shot by Tyler Toffoli.
0:56 of 2nd period - Deflect By Jonathan Drouin.
0:56 of 2nd period - Goal by Jonathan Drouin - RedWings : 4 - Canucks : 4.
0:57 of 2nd period - Evgeny Kuznetsov wins face-off versus Sean Monahan in neutral zone.
1:08 of 2nd period - Shot by Sean Monahan.
1:08 of 2nd period - Shot Misses the Net.
1:14 of 2nd period - Shot by Evander Kane.
1:14 of 2nd period - Shot Misses the Net.
1:16 of 2nd period - Shot by Evander Kane.
1:16 of 2nd period - Shot Misses the Net.
1:21 of 2nd period - Shot by Evander Kane.
1:21 of 2nd period - Shot Blocked by Paul Martin.
1:28 of 2nd period - Shot by Evgeny Kuznetsov.
1:28 of 2nd period - Shot Misses the Net.
1:31 of 2nd period - Evgeny Kuznetsov is hit by Thomas Hickey and loses puck.
1:36 of 2nd period - Shot by Evgeny Kuznetsov.
1:36 of 2nd period - Shot Misses the Net.
1:38 of 2nd period - Shot by Brent Burns.
1:38 of 2nd period - Stopped by Mike Condon with a rebound.
1:42 of 2nd period - Shot by Reilly Smith.
1:42 of 2nd period - Shot Misses the Net.
2:10 of 2nd period - Shot by Jonathan Drouin.
2:10 of 2nd period - Stopped by Yann Danis with a rebound.
3:21 of 2nd period - Shot by Alexander Burmistrov.
3:21 of 2nd period - Stopped by Mike Condon without a rebound.
3:22 of 2nd period - Vincent Lecavalier wins face-off versus Evgeny Kuznetsov in RedWings zone.
3:22 of 2nd period - Andrew Cogliano is hit by Evander Kane and loses puck.
3:27 of 2nd period - Shot by Evgeny Kuznetsov.
3:27 of 2nd period - Deflect By Reilly Smith.
3:27 of 2nd period - Stopped by Mike Condon without a rebound.
3:28 of 2nd period - Evgeny Kuznetsov wins face-off versus David Pastrnak in RedWings zone.
3:39 of 2nd period - Shot by Evgeny Kuznetsov.
3:39 of 2nd period - Stopped by Mike Condon with a rebound.
3:54 of 2nd period - Shot by Evgeny Kuznetsov.
3:54 of 2nd period - Stopped by Mike Condon without a rebound.
3:55 of 2nd period - Robby Fabbri wins face-off versus Mikhail Grabovski in RedWings zone.
4:12 of 2nd period - Shot by Robby Fabbri.
4:12 of 2nd period - Stopped by Mike Condon without a rebound.
4:13 of 2nd period - Elias Lindholm wins face-off versus Filip Forsberg in RedWings zone.
4:40 of 2nd period - Icing by Tyler Toffoli.
4:41 of 2nd period - Jonathan Drouin wins face-off versus Robby Fabbri in RedWings zone.
4:43 of 2nd period - Icing by Filip Forsberg.
4:44 of 2nd period - Jonathan Drouin wins face-off versus Evgeny Kuznetsov in RedWings zone.
5:08 of 2nd period - Off-side.
5:09 of 2nd period - Logan Couture wins face-off versus Sean Monahan in neutral zone.
5:41 of 2nd period - Minor Penalty to Thomas Hickey for Tripping.
5:42 of 2nd period - Evgeny Kuznetsov wins face-off versus Erik Haula in RedWings zone.
5:55 of 2nd period - Shot by Erik Karlsson.
5:55 of 2nd period - Stopped by Mike Condon without a rebound.
5:56 of 2nd period - Evgeny Kuznetsov wins face-off versus Erik Haula in RedWings zone.
7:32 of 2nd period - Shot by Adam Henrique.
7:32 of 2nd period - Deflect By Logan Couture.
7:32 of 2nd period - Stopped by Mike Condon with a rebound.
7:52 of 2nd period - Shot by Sean Monahan.
7:52 of 2nd period - Shot Misses the Net.
7:54 of 2nd period - Shot by David Pastrnak.
7:54 of 2nd period - Shot Misses the Net.
7:56 of 2nd period - Shot by Loui Eriksson.
7:56 of 2nd period - Shot Misses the Net.
7:58 of 2nd period - Shot by Loui Eriksson.
7:58 of 2nd period - Shot Misses the Net.
8:04 of 2nd period - Shot by Sean Monahan.
8:04 of 2nd period - Stopped by Yann Danis without a rebound.
8:05 of 2nd period - Elias Lindholm wins face-off versus Mikhail Grabovski in Canucks zone.
8:05 of 2nd period - Elias Lindholm is hit by Erik Haula.
8:32 of 2nd period - Mikhail Grabovski is hit by Alex Pietrangelo and loses puck.
8:57 of 2nd period - Erik Haula is hit by Simon Despres and loses puck.
8:58 of 2nd period - Minor Penalty to Simon Despres for Slashing.
8:59 of 2nd period - Evgeny Kuznetsov wins face-off versus Vincent Lecavalier in Canucks zone.
9:10 of 2nd period - Shot by Filip Forsberg.
9:10 of 2nd period - Shot Misses the Net.
9:20 of 2nd period - Shot by Andrew Campbell.
9:20 of 2nd period - Stopped by Yann Danis without a rebound.
9:21 of 2nd period - Evgeny Kuznetsov wins face-off versus Vincent Lecavalier in Canucks zone.
9:27 of 2nd period - Icing by Paul Martin.
9:28 of 2nd period - Evgeny Kuznetsov wins face-off versus Vincent Lecavalier in RedWings zone.
9:50 of 2nd period - Shot by Andrew Cogliano.
9:50 of 2nd period - Shot Blocked by Alex Pietrangelo.
9:52 of 2nd period - Shot by Zach Trotman.
9:52 of 2nd period - Stopped by Yann Danis without a rebound.
9:53 of 2nd period - Erik Haula wins face-off versus Logan Couture in Canucks zone.
9:58 of 2nd period - Shot by Jonathan Drouin.
9:58 of 2nd period - Deflect By Erik Haula.
9:58 of 2nd period - Shot Misses the Net.
10:12 of 2nd period - Shot by Jonathan Drouin.
10:12 of 2nd period - Shot Misses the Net.
10:32 of 2nd period - Shot by Thomas Hickey.
10:32 of 2nd period - Shot Misses the Net.
10:54 of 2nd period - Shot by Evgeny Kuznetsov.
10:54 of 2nd period - Stopped by Mike Condon without a rebound.
10:55 of 2nd period - Logan Couture wins face-off versus Vincent Lecavalier in RedWings zone.
11:13 of 2nd period - Off-side.
11:14 of 2nd period - Vincent Lecavalier wins face-off versus Logan Couture in neutral zone.
11:18 of 2nd period - Off-side.
11:19 of 2nd period - Evgeny Kuznetsov wins face-off versus Jonathan Drouin in neutral zone.
11:38 of 2nd period - Shot by Filip Forsberg.
11:38 of 2nd period - Shot Misses the Net.
11:40 of 2nd period - Shot by Tyler Toffoli.
11:40 of 2nd period - Goal by Tyler Toffoli - RedWings : 5 - Canucks : 4.
11:41 of 2nd period - Vincent Lecavalier wins face-off versus Logan Couture in neutral zone.
11:41 of 2nd period - Vincent Lecavalier is hit by Logan Couture.
12:59 of 2nd period - Shot by Kevin Connauton.
12:59 of 2nd period - Shot Blocked by Jonas Brodin.
13:31 of 2nd period - Icing by Evander Kane.
13:32 of 2nd period - Mikhail Grabovski wins face-off versus Reilly Smith in Canucks zone.
13:36 of 2nd period - Icing by Brent Burns.
13:37 of 2nd period - Jonathan Drouin wins face-off versus Evgeny Kuznetsov in Canucks zone.
14:36 of 2nd period - David Pastrnak is hit by Alex Pietrangelo and loses puck.
14:53 of 2nd period - Minor Penalty to Erik Karlsson for Tripping.
14:54 of 2nd period - Vincent Lecavalier wins face-off versus Logan Couture in Canucks zone.
14:57 of 2nd period - Shot by Filip Forsberg.
14:57 of 2nd period - Shot Blocked by Adam Henrique.
14:59 of 2nd period - Shot by Andrew Cogliano.
14:59 of 2nd period - Goal by Andrew Cogliano - RedWings : 6 - Canucks : 4.
14:59 of 2nd period - Henrik Lundqvist enters game.
15:00 of 2nd period - Logan Couture wins face-off versus Mikhail Grabovski in neutral zone.
15:10 of 2nd period - Icing by Andrew Campbell.
15:11 of 2nd period - Evgeny Kuznetsov wins face-off versus Mikhail Grabovski in RedWings zone.
15:12 of 2nd period - Shot by Evander Kane.
15:12 of 2nd period - Deflect By Evgeny Kuznetsov.
15:12 of 2nd period - Shot Misses the Net.
15:45 of 2nd period - Icing by Erik Haula.
15:46 of 2nd period - Mikhail Grabovski wins face-off versus Robby Fabbri in RedWings zone.
15:58 of 2nd period - Icing by Erik Karlsson.
15:59 of 2nd period - Robby Fabbri wins face-off versus Filip Forsberg in Canucks zone.
15:59 of 2nd period - Robby Fabbri is hit by Filip Forsberg.
16:06 of 2nd period - Chris Kreider is hit by Filip Forsberg.
16:14 of 2nd period - Shot by Alexander Burmistrov.
16:14 of 2nd period - Shot Misses the Net.
16:16 of 2nd period - Shot by Chris Kreider.
16:16 of 2nd period - Stopped by Mike Condon with a rebound.
16:18 of 2nd period - Shot by Alex Pietrangelo.
16:18 of 2nd period - Shot Blocked by Paul Martin.
17:09 of 2nd period - Shot by Simon Despres.
17:09 of 2nd period - Shot Hit the Post.
17:11 of 2nd period - Shot by Adam Henrique.
17:11 of 2nd period - Deflect By Logan Couture.
17:11 of 2nd period - Stopped by Mike Condon without a rebound.
17:12 of 2nd period - Sean Monahan wins face-off versus Evgeny Kuznetsov in RedWings zone.
17:16 of 2nd period - Icing by Loui Eriksson.
17:17 of 2nd period - Evgeny Kuznetsov wins face-off versus Sean Monahan in RedWings zone.
17:31 of 2nd period - Off-side.
17:32 of 2nd period - Mikhail Grabovski wins face-off versus Logan Couture in neutral zone.
18:06 of 2nd period - Minor Penalty to Zach Trotman for Tripping.
18:07 of 2nd period - Evgeny Kuznetsov wins face-off versus Erik Haula in RedWings zone.
18:07 of 2nd period - Evgeny Kuznetsov is hit by Thomas Hickey.
18:19 of 2nd period - Shot by Brent Burns.
18:19 of 2nd period - Shot Misses the Net.
18:37 of 2nd period - Shot by Brent Burns.
18:37 of 2nd period - Deflect By Reilly Smith.
18:37 of 2nd period - Stopped by Mike Condon without a rebound.
18:38 of 2nd period - Logan Couture wins face-off versus Andrew Cogliano in RedWings zone.
18:44 of 2nd period - Adam Henrique is hit by Jake Gardiner and loses puck.
18:57 of 2nd period - Shot by Alex Pietrangelo.
18:57 of 2nd period - Deflect By Logan Couture.
18:57 of 2nd period - Stopped by Mike Condon with a rebound.
18:59 of 2nd period - Shot by Cody Ceci.
18:59 of 2nd period - Shot Misses the Net.
19:12 of 2nd period - Logan Couture is hit by Jake Gardiner and loses puck.
19:35 of 2nd period - Shot by Evander Kane.
19:35 of 2nd period - Shot Misses the Net.
19:37 of 2nd period - Shot by Erik Karlsson.
19:37 of 2nd period - Stopped by Mike Condon without a rebound.
19:38 of 2nd period - Reilly Smith wins face-off versus Erik Haula in RedWings zone.
19:58 of 2nd period - Shot by Erik Karlsson.
19:58 of 2nd period - Stopped by Mike Condon without a rebound.
19:59 of 2nd period - Evgeny Kuznetsov wins face-off versus Erik Haula in RedWings zone.
Goals for this period are 3 for RedWings vs 0 for Canucks.
Shots for this period are 7 for RedWings vs 16 for Canucks.

3rd period


0:01 of 3rd period - Erik Haula wins face-off versus Evgeny Kuznetsov in neutral zone.
0:09 of 3rd period - Off-side.
0:10 of 3rd period - Evgeny Kuznetsov wins face-off versus Sean Monahan in neutral zone.
0:10 of 3rd period - Reilly Smith is hit by Sean Monahan and loses puck.
0:26 of 3rd period - Icing by Cody Ceci.
0:27 of 3rd period - Evander Kane wins face-off versus Jonathan Drouin in Canucks zone.
1:37 of 3rd period - Shot by Adam Henrique.
1:37 of 3rd period - Stopped by Mike Condon without a rebound.
1:38 of 3rd period - Vincent Lecavalier wins face-off versus Robby Fabbri in RedWings zone.
1:49 of 3rd period - Shot by Micheal Ferland.
1:49 of 3rd period - Stopped by Henrik Lundqvist with a rebound.
1:55 of 3rd period - Shot by Andrew Cogliano.
1:55 of 3rd period - Shot Misses the Net.
1:57 of 3rd period - Shot by Jake Gardiner.
1:57 of 3rd period - Stopped by Henrik Lundqvist without a rebound.
1:58 of 3rd period - Logan Couture wins face-off versus Sean Monahan in Canucks zone.
2:02 of 3rd period - Minor Penalty to Adam Henrique for Tripping.
2:03 of 3rd period - Vincent Lecavalier wins face-off versus Evgeny Kuznetsov in Canucks zone.
2:16 of 3rd period - Shot by Filip Forsberg.
2:16 of 3rd period - Deflect By Vincent Lecavalier.
2:16 of 3rd period - Shot Misses the Net.
3:18 of 3rd period - Shot by Erik Haula.
3:18 of 3rd period - Shot Blocked by Alex Pietrangelo.
4:35 of 3rd period - Icing by Loui Eriksson.
4:36 of 3rd period - Logan Couture wins face-off versus Sean Monahan in RedWings zone.
4:43 of 3rd period - Shot by Adam Henrique.
4:43 of 3rd period - Shot Blocked by Loui Eriksson.
4:51 of 3rd period - Shot by Adam Henrique.
4:51 of 3rd period - Stopped by Mike Condon without a rebound.
4:52 of 3rd period - Mikhail Grabovski wins face-off versus Evgeny Kuznetsov in RedWings zone.
4:59 of 3rd period - Shot by Erik Haula.
4:59 of 3rd period - Goal by Erik Haula - RedWings : 7 - Canucks : 4.
5:00 of 3rd period - Tyler Toffoli wins face-off versus Elias Lindholm in neutral zone.
5:25 of 3rd period - Shot by Filip Forsberg.
5:25 of 3rd period - Shot Misses the Net.
6:38 of 3rd period - Shot by Evgeny Kuznetsov.
6:38 of 3rd period - Stopped by Mike Condon without a rebound.
6:39 of 3rd period - Vincent Lecavalier wins face-off versus Logan Couture in RedWings zone.
6:54 of 3rd period - Shot by Micheal Ferland.
6:54 of 3rd period - Stopped by Henrik Lundqvist without a rebound.
6:55 of 3rd period - Sean Monahan wins face-off versus Chris Kreider in Canucks zone.
6:56 of 3rd period - Shot by Loui Eriksson.
6:56 of 3rd period - Stopped by Henrik Lundqvist with a rebound.
7:24 of 3rd period - Shot by Loui Eriksson.
7:24 of 3rd period - Stopped by Henrik Lundqvist with a rebound.
8:11 of 3rd period - Shot by Filip Forsberg.
8:11 of 3rd period - Shot Blocked by Jonas Brodin.
8:13 of 3rd period - Shot by Tyler Toffoli.
8:13 of 3rd period - Stopped by Henrik Lundqvist without a rebound.
8:14 of 3rd period - Erik Haula wins face-off versus Evgeny Kuznetsov in Canucks zone.
8:15 of 3rd period - Shot by Alexandre Burrows.
8:15 of 3rd period - Stopped by Henrik Lundqvist without a rebound.
8:16 of 3rd period - Jonathan Drouin wins face-off versus Evgeny Kuznetsov in Canucks zone.
8:35 of 3rd period - Shot by Reilly Smith.
8:35 of 3rd period - Stopped by Mike Condon with a rebound.
8:37 of 3rd period - Shot by Erik Karlsson.
8:37 of 3rd period - Shot Misses the Net.
8:39 of 3rd period - Shot by Reilly Smith.
8:39 of 3rd period - Shot Blocked by Paul Martin.
8:45 of 3rd period - Shot by Evgeny Kuznetsov.
8:45 of 3rd period - Shot Misses the Net.
9:00 of 3rd period - Icing by Tyler Toffoli.
9:01 of 3rd period - Logan Couture wins face-off versus Jonathan Drouin in RedWings zone.
9:03 of 3rd period - Mikkel Boedker is hit by Thomas Hickey and loses puck.
9:23 of 3rd period - Icing by Adam Henrique.
9:24 of 3rd period - Sean Monahan wins face-off versus Logan Couture in Canucks zone.
9:41 of 3rd period - Shot by Adam Henrique.
9:41 of 3rd period - Shot Blocked by Kevin Connauton.
9:43 of 3rd period - Shot by Jonas Brodin.
9:43 of 3rd period - Shot Misses the Net.
9:45 of 3rd period - Shot by Mikkel Boedker.
9:45 of 3rd period - Stopped by Mike Condon without a rebound.
9:46 of 3rd period - Robby Fabbri wins face-off versus Mikhail Grabovski in RedWings zone.
9:47 of 3rd period - Shot by Chris Kreider.
9:47 of 3rd period - Stopped by Mike Condon without a rebound.
9:48 of 3rd period - Mikhail Grabovski wins face-off versus Robby Fabbri in RedWings zone.
11:02 of 3rd period - Thomas Hickey is hit by Evander Kane and loses puck.
11:06 of 3rd period - Icing by Paul Martin.
11:07 of 3rd period - Logan Couture wins face-off versus Sean Monahan in RedWings zone.
11:35 of 3rd period - Logan Couture is hit by Paul Martin.
11:47 of 3rd period - Shot by Alex Pietrangelo.
11:47 of 3rd period - Stopped by Mike Condon with a rebound.
11:49 of 3rd period - Shot by Logan Couture.
11:49 of 3rd period - Shot Misses the Net.
12:04 of 3rd period - Reilly Smith is hit by Thomas Hickey.
12:07 of 3rd period - Evgeny Kuznetsov is hit by Thomas Hickey and loses puck.
13:23 of 3rd period - Shot by Jonathan Drouin.
13:23 of 3rd period - Shot Blocked by Robby Fabbri.
13:25 of 3rd period - Shot by Tyler Toffoli.
13:25 of 3rd period - Stopped by Henrik Lundqvist without a rebound.
13:26 of 3rd period - Vincent Lecavalier wins face-off versus Logan Couture in Canucks zone.
13:26 of 3rd period - Andrew Cogliano is hit by Alex Pietrangelo and loses puck.
13:29 of 3rd period - Shot by Vincent Lecavalier.
13:29 of 3rd period - Stopped by Henrik Lundqvist without a rebound.
13:30 of 3rd period - Logan Couture wins face-off versus Vincent Lecavalier in Canucks zone.
13:30 of 3rd period - Logan Couture is hit by Micheal Ferland.
13:56 of 3rd period - Shot by Jake Gardiner.
13:56 of 3rd period - Stopped by Henrik Lundqvist with a rebound.
13:58 of 3rd period - Shot by Andrew Cogliano.
13:58 of 3rd period - Stopped by Henrik Lundqvist with a rebound.
14:04 of 3rd period - Shot by Vincent Lecavalier.
14:04 of 3rd period - Stopped by Henrik Lundqvist without a rebound.
14:05 of 3rd period - Evgeny Kuznetsov wins face-off versus Jonathan Drouin in Canucks zone.
14:05 of 3rd period - Evander Kane is hit by Filip Forsberg and loses puck.
14:11 of 3rd period - Icing by Jonas Brodin.
14:12 of 3rd period - Evgeny Kuznetsov wins face-off versus Jonathan Drouin in Canucks zone.
15:27 of 3rd period - Shot by Mikkel Boedker.
15:27 of 3rd period - Shot Misses the Net.
15:43 of 3rd period - Shot by Adam Henrique.
15:43 of 3rd period - Stopped by Mike Condon without a rebound.
15:44 of 3rd period - Robby Fabbri wins face-off versus Sean Monahan in RedWings zone.
16:11 of 3rd period - Shot by Loui Eriksson.
16:11 of 3rd period - Stopped by Henrik Lundqvist without a rebound.
16:12 of 3rd period - Evgeny Kuznetsov wins face-off versus Mikhail Grabovski in Canucks zone.
16:43 of 3rd period - Shot by Evgeny Kuznetsov.
16:43 of 3rd period - Shot Blocked by Erik Haula.
16:53 of 3rd period - Shot by Evander Kane.
16:53 of 3rd period - Shot Misses the Net.
17:27 of 3rd period - Minor Penalty to Erik Karlsson for Close Hand On Puck.
17:28 of 3rd period - Logan Couture wins face-off versus Vincent Lecavalier in Canucks zone.
17:48 of 3rd period - Shot by Andrew Cogliano.
17:48 of 3rd period - Deflect By Filip Forsberg.
17:48 of 3rd period - Stopped by Henrik Lundqvist without a rebound.
17:49 of 3rd period - Erik Haula wins face-off versus Evgeny Kuznetsov in Canucks zone.
17:49 of 3rd period - Paul Martin is hit by Jonas Brodin and loses puck.
18:47 of 3rd period - Shot by Filip Forsberg.
18:47 of 3rd period - Stopped by Henrik Lundqvist with a rebound.
18:49 of 3rd period - Shot by Thomas Hickey.
18:49 of 3rd period - Shot Misses the Net.
18:51 of 3rd period - Shot by Thomas Hickey.
18:51 of 3rd period - Shot Blocked by Cody Ceci.
18:53 of 3rd period - Shot by Andrew Campbell.
18:53 of 3rd period - Stopped by Henrik Lundqvist with a rebound.
18:55 of 3rd period - Shot by Thomas Hickey.
18:55 of 3rd period - Shot Misses the Net.
18:57 of 3rd period - Shot by Filip Forsberg.
18:57 of 3rd period - Shot Misses the Net.
19:10 of 3rd period - Icing by Andrew Cogliano.
19:11 of 3rd period - Evgeny Kuznetsov wins face-off versus Vincent Lecavalier in RedWings zone.
19:15 of 3rd period - Minor Penalty to Thomas Hickey for Hooking.
19:16 of 3rd period - Andrew Cogliano wins face-off versus Brent Burns in RedWings zone.
19:59 of 3rd period - Shot by Reilly Smith.
19:59 of 3rd period - Shot Misses the Net.
Goals for this period are 1 for RedWings vs 0 for Canucks.
Shots for this period are 17 for RedWings vs 8 for Canucks.